 Dungeon Crawl Stone Soup version 0.31-a0-986-g5e6e4ef867 (webtiles) character file.

Game seed: 15781513569619533574

9 croobank the Sneak (level 1, -1/18 HPs)
             Began as a Demigod Delver on Nov 4, 2023.
             Slain by a black bear (12 damage)
             ... on level 5 of the Dungeon.
             The game lasted 00:03:14 (66 turns).

croobank the Sneak (Demigod Delver)                   Turns: 66, Time: 00:03:15

Health: -1/18      AC:  3    Str: 13    XL:     1   Next: 86%
Magic:  3/3        EV: 12    Int: 12    God:
Gold:   0          SH:  0    Dex: 15    Spells: 0/0 levels left

rFire   . . .        a - +0 short sword
rCold   . . .        (no shield)
rNeg    . . .        b - +0 leather armour
rPois   .            (no helmet)
rElec   .            (no cloak)
rCorr   .            (no gloves)
SInv    .            (no boots)
Will    .....        (no amulet)
Stlth   +++          (no ring)
HPRegen 0.23/turn    (no ring)
MPRegen 0.08/turn

%: no passive effects
@: no status effects
A: high MP 1, forlorn, divine attributes
a: no special abilities


You were on level 5 of the Dungeon.
You visited 1 branch of the dungeon, and saw 3 of its levels.

Inventory:

Hand Weapons
 a - a +0 short sword (weapon)
Armour
 b - a +0 leather armour (worn)
Wands
 g - a wand of digging (3)
Scrolls
 c - a scroll of fog
 d - a scroll of revelation
 e - a scroll of fear
Potions
 f - a potion of haste


   Skills:
 - Level 2.8 Fighting
 - Level 2.0 Short Blades
 - Level 2.0 Dodging
 + Level 4.6 Stealth


You couldn't memorise any spells.
You didn't know any spells.
Your spell library was empty.

Dungeon Overview and Level Annotations

Branches:
Dungeon (7/15)
 Temple: D:4-7


Innate Abilities, Weirdness & Mutations

You have an increased reservoir of magic. (+10% MP)
You shall have no god before yourself.
Your divine heritage dramatically boosts your attributes as you level up.


Message History

You hit the black bear but do no damage.
The black bear is heavily wounded.
The black bear closely misses you. x2
The black bear claws you but does no damage.
You hit the black bear.
The black bear is severely wounded.
The black bear bites you! The black bear completely misses you.
The black bear claws you.
You barely miss the black bear.
The black bear is severely wounded.
The black bear barely misses you.
The black bear claws you but does no damage. x2
You hit the black bear but do no damage.
The black bear is severely wounded.
The black bear closely misses you. x2; The black bear claws you.
You hit the black bear but do no damage.
The black bear is severely wounded.
You hit the black bear.
The black bear is severely wounded.
The black bear bites you but does no damage.
The black bear claws you but does no damage. x2
You barely miss the black bear.
The black bear is severely wounded.
The black bear goes berserk!
You hit the black bear.
The black bear is almost dead.
The black bear bites you but does no damage.
The black bear claws you but does no damage.
The black bear closely misses you. The black bear barely misses you.
The black bear closely misses you. The black bear misses you.
You hit the black bear but do no damage.
The black bear is almost dead.
The black bear bites you but does no damage.
The black bear barely misses you.
The black bear claws you but does no damage.
You hit the black bear but do no damage.
The black bear is almost dead.
The black bear bites you!
Ouch! That really hurt!
You die...

# #.....#...
...........
#.#.⌠.⌠.#.# #
#.........#
#.##.#.....#.#.
#.#....._.....!
#....#..h..#.#
#....@.....#
#..#.⌠.⌠.#...
######
#..........#
#....#
#..#.....#.#
+....#
#..........#
#....#
#..###.###.#
#....####.##
... .#
+...>'.....##
#### #
#....##.....#


You could see a black bear (berserk).

Vanquished Creatures
  An adder (D:6)
1 creature vanquished.

Notes
Turn   | Place    | Note
-------+----------+-------------------------------------------
     0 | D:5      | croobank the Demigod Delver began the quest for the Orb.
     0 | D:5      | Reached XP level 1. HP: 18/18 MP: 3/3
     9 | D:7      | Noticed a gnoll bouda
    49 | D:5      | Noticed a black bear
    66 | D:5      | Slain by a black bear

Illustrated notes

Levels and vault maps discovered:
D:5:      layout_basic, lemuel_crystal_altar,
          mainiacjoe_overflow_catch_the_wave, elyvilon_altar_5, zin_academy,
          ashenzari_conservatory_becter, minmay_temple_entry_statues_fountains,
          enter_ossuary_2
D:6:      layout_loops_corners, kennysheep_mini, uniq_sigmund
D:7:      layout_cave_pods, trog_wizard, mainiacjoe_overflow_alcove_4,
          uniq_joseph

Skill      XL: |  1 |
---------------+----+-----
Short Blades   | 2 |  2.0
Dodging        | 2 |  2.0
Fighting       | |  2.8
Stealth        | |  4.6

Action                     || total
---------------------------++-------
  Melee: Short sword       ||    12
   Stab: Sleeping          ||     2
 Armour: Leather armour    ||    15
  Dodge: Dodged            ||    13

Table legend: (Time is in decaauts)
 A = Elapsed time spent in this place.
 B = Non-inter-level travel time spent in this place.
 C = Inter-level travel time spent in this place.
 D = Time resting spent in this place.
 E = Time spent auto-exploring this place.
 F = Levels seen in this place.
 G = Mean time per level.
                   A        B        C        D        E       F      G
               +--------+--------+--------+--------+--------+-----+--------+
         Total |     65 |     59 |      6 |      0 |     20 |   3 |   21.7 |
       Dungeon |     65 |     59 |      6 |      0 |     20 |   3 |   21.7 |
               +--------+--------+--------+--------+--------+-----+--------+

Top non-repeatable levels by time:
     D:5: 46 daAuts
     D:6: 15 daAuts
     D:7: 3 daAuts
